[Event "*** Titled Tuesday Blitz"]
[Site "Chess.com"]
[Date "2020.05.05"]
[Round "4"]
[White "PSvidler"]
[Black "Yuri202062"]
[Result "1-0"]
[WhiteElo "3033"]
[BlackElo "2562"]
[TimeControl "180+1"]
[EndTime "10:38:59 PDT"]
[Termination "PSvidler won by resignation"]

1. e4 c5 2. Nf3 e6 3. d4 cxd4 4. Nxd4 a6 5. Nc3 d6 6. g4 b5 7.
a3 Bb7 8. Bg2 Ne7 9. h4 Nec6 10.
g5 Nxd4 11. Qxd4 Nc6 12. Qe3 g6 13. b3 Bg7 14. Bb2 h5 15. O-O-O O-O 16. Ne2 Bxb2+ 17. Kxb2 Qe7 18. f4 Rfd8 19. Rd2 Rac8 20. Rhd1 a5 21. Qb6 b4 22. a4 Rd7 23. f5 Qd8 24. Qxd8+ Rcxd8 25. Nf4 gxf5 26. exf5 exf5 27. Nxh5 Re7 28. Rxd6 Rxd6 29.
Rxd6 Ne5 30. Rd8+ Kh7 31. Nf6+ 1-0

[Event "*** Titled Tuesday Blitz"]
[Site "Chess.com"]
[Date "2020.05.05"]
[Round "4"]
[White "norwaytoadog"]
[Black "GameOverBro"]
[Result "1-0"]
[WhiteElo "2176"]
[BlackElo "2500"]
[TimeControl "180+1"]
[EndTime "10:39:00 PDT"]
[Termination "norwaytoadog won by resignation"]

1. e4 d6 2. d4 Nf6 3. Nc3 e5 4. Nf3 Nbd7 5. g3 Be7 6. Bg2 c6 7. O-O b5 8. a3 Bb7 9. h3 O-O 10. Be3 a5 11. dxe5 dxe5 12. Nh4 Re8 13. Nf5 Bc5 14.
Nd6 Bxd6 15. Qxd6 Qe7 16. Qc7 Rec8 17. Qxb7 Rcb8 18. Qxc6 Rc8 19. Qxb5 Rab8 20. Qxa5 Rxb2 21. Nd5 Nxd5 22. exd5 Rcxc2 23. d6 Qe8 24. Rac1 h5 25. Rxc2 Rxc2 26. Qa4 Qc8 27. Bb7 Qxb7 28. Qxc2 h4 29. Qe2 Qa6 30. Qxa6 1-0

[Event "*** Titled Tuesday Blitz"]
[Site "Chess.com"]
[Date "2020.05.05"]
[Round "4"]
[White "Olga_Zhuravleva"]
[Black "Stronger1799"]
[Result "1-0"]
[WhiteElo "2264"]
[BlackElo "2013"]
[TimeControl "180+1"]
[EndTime "10:39:01 PDT"]
[Termination "Olga_Zhuravleva won by resignation"]

1. e4 c5 2. Nf3 e6 3. d4 cxd4 4.
Nxd4 Nf6 5. Nc3 d6 6. Bd3 Be7 7. O-O O-O 8. Kh1 Nc6 9. Nb3 b6 10. f4 Bb7 11. Qf3 a6 12. Bd2 Rc8 13. Rae1 Na5 14.
Qh3 g6 15. Nxa5 bxa5 16. f5 Qd7 17. Bh6 Rfe8 18. Bg5 Nxe4 19. Nxe4 Bxe4 20. Bxe7 Bxd3 21. Bf6 Bxf1 22. Qh6 Bxg2+ 23. Kg1 Qa7+ 24. Re3 Qxe3+ 25. Qxe3 exf5 26. Qh6 Re1+ 27. Kxg2 Rxc2+ 28. Kh3 1-0

[Event "*** Titled Tuesday Blitz"]
[Site "Chess.com"]
[Date "2020.05.05"]
[Round "4"]
[White "szefru"]
[Black "grunbergmihai"]
[Result "0-1"]
[WhiteElo "2099"]
[BlackElo "2385"]
[TimeControl "180+1"]
[EndTime "10:39:02 PDT"]
[Termination "grunbergmihai won by resignation"]

1. e4 Nf6 2. e5 Nd5 3. d4 d6 4.
c4 Nb6 5. exd6 cxd6 6. h3 g6 7. Nf3 Bg7 8. Be2 O-O 9. O-O Nc6 10.
Nc3 Bf5 11. Be3 d5 12. c5 Nc4 13. b3 Nxe3 14. fxe3 e5 15. Bb5 exd4 16. exd4 Be4 17.
Bxc6 bxc6 18. Qd2 Re8 19. Rf2 f5 20. Re1 Qf6 21. Ne5 Qe6 22. Nxe4 dxe4 23. Nc4 Rad8 24. Nd6 Rxd6 25. cxd6 e3 26. Rff1 exd2 27. Rxe6 Rxe6 28. d7 Rd6 29. Rd1 Rxd4 30. Kf1 Rxd7 31. Ke2 Bc3 32. g4 fxg4 33. hxg4 a5 0-1

[Event "*** Titled Tuesday Blitz"]
[Site "Chess.com"]
[Date "2020.05.05"]
[Round "4"]
[White "APOKALIPSA13"]
[Black "Gmedmundo"]
[Result "0-1"]
[WhiteElo "2234"]
[BlackElo "2478"]
[TimeControl "180+1"]
[EndTime "10:39:02 PDT"]
[Termination "Gmedmundo won by resignation"]

1. d4 Nf6 2. c4 e6 3. Nf3 c5 4.
d5 exd5 5. cxd5 d6 6. Nc3 g6 7. e4 a6 8. a4 Bg4 9. Be2 Bxf3 10. Bxf3 Bg7 11. O-O Nbd7 12. Bf4 Qe7 13. Re1 O-O 14. a5 Ne8 15. Qd2 Nc7 16. Ra3 Nb5 17. Nxb5 axb5 18. Bg5 Bf6 19. Bxf6 Qxf6 20. Be2 b4 21. Rf3 Qg7 22.
Rh3 Rfe8 23. Bb5 Re7 24. a6 bxa6 25. Bc6 Rb8 26. Qg5 Re5 27. Qg3 Nf6 28. f4 Rxe4 29. Ra1 Re2 30. Qb3 Ne4 31. f5 Qd4+ 0-1

[Event "*** Titled Tuesday Blitz"]
[Site "Chess.com"]
[Date "2020.05.05"]
[Round "4"]
[White "Sven_Tica"]
[Black "Parhamov"]
[Result "0-1"]
[WhiteElo "2712"]
[BlackElo "3007"]
[TimeControl "180+1"]
[EndTime "10:39:03 PDT"]
[Termination "Parhamov won by resignation"]

1. d4 d5 2. c4 e6 3. Nf3 Nf6 4. g3 Be7 5. Bg2 O-O 6. O-O Nbd7 7. Nbd2 c6 8. b3 b6 9. Bb2 Bb7 10. e3 Rc8 11. Qe2 Qc7 12. Rfd1 Qb8 13. Rac1 Rfd8 14. e4 dxe4 15. Nxe4 Nxe4 16. Qxe4 c5 17. d5 Bf6 18. Qc2 exd5 19. cxd5 Bxb2 20. Qxb2 Nf6 21. b4 Bxd5 22. bxc5 Rxc5 23. Rxc5 bxc5 24. Qa3 Rc8 25. Rc1 c4 26. Nd2 Qb5 27. Bxd5 Nxd5 28. Qxa7 c3 29. Ne4 c2 30. Nd6 Qb1 31. Qxf7+ Kh8 32. Qxd5 Qxc1+ 33. Kg2 Qf1+ 34. Kxf1 c1=Q+ 35. Ke2 Rc2+ 0-1

[Event "*** Titled Tuesday Blitz"]
[Site "Chess.com"]
[Date "2020.05.05"]
[Round "4"]
[White "gurelediz"]
[Black "Barbus89"]
[Result "1-0"]
[WhiteElo "2572"]
[BlackElo "2336"]
[TimeControl "180+1"]
[EndTime "10:39:03 PDT"]
[Termination "gurelediz won by checkmate"]

1. e4 c5 2. Nf3 Nf6 3. e5 Nd5 4. Nc3 Nxc3 5. dxc3 Nc6 6. Bc4 e6 7. Bf4 Qb6 8. Qc1 Qc7 9. O-O a6 10. a4 h6 11. h3 b6 12. Rd1 Bb7 13. Qe3 Ne7 14. Nd2 Nd5 15. Bxd5 Bxd5 16. c4 Bc6 17. Ne4 Qb7 18. Nd6+ Bxd6 19. Rxd6 Bxg2 20. Rad1 Bc6 21.
a5 g5 22. Bh2 O-O-O 23. axb6 Qxb6 24. R6d3 Ba8 25. Rb3 Qc6 26. f3 d5 27. exd6 Rhg8 28.
d7+ Rxd7 29. Rb8# 1-0

[Event "*** Titled Tuesday Blitz"]
[Site "Chess.com"]
[Date "2020.05.05"]
[Round "4"]
[White "mariangie523"]
[Black "ZarinaShafigullina"]
[Result "0-1"]
[WhiteElo "2035"]
[BlackElo "2232"]
[TimeControl "180+1"]
[EndTime "10:39:03 PDT"]
[Termination "ZarinaShafigullina won on time"]

1. e4 c5 2. Nf3 Nc6 3. d4 cxd4 4. Nxd4 Nf6 5. f3 Qa5+ 6. Nc3 d5 7. Nb3 Qd8 8. exd5 Nb4 9. Bb5+ Bd7 10. Bc4 Rc8 11.
Qe2 Qc7 12. Bd3 Nfxd5 13. Nxd5 Nxd5 14. O-O e6 15. Rd1 Nf4 16. Bxf4 Qxf4 17. Qe4 Qxe4 18. Bxe4 b6 19. Rac1 a5 20. Nd4 Bc5 21. c4 e5 0-1

[Event "*** Titled Tuesday Blitz"]
[Site "Chess.com"]
[Date "2020.05.05"]
[Round "4"]
[White "Ziachess74"]
[Black "KrakenBeast"]
[Result "1-0"]
[WhiteElo "2563"]
[BlackElo "2334"]
[TimeControl "180+1"]
[EndTime "10:39:04 PDT"]
[Termination "Ziachess74 won by resignation"]

1. d4 Nf6 2. Bg5 Ne4 3. Bf4 d5 4. f3 Nf6 5. Nc3 a6 6. e4 dxe4 7. fxe4 e6 8. Nf3 c5 9. dxc5 Qxd1+ 10.
Rxd1 Bxc5 11. e5 Nfd7 12. Ne4 Be7 13. Bd3 Nc5 14. Nxc5 Bxc5 15. Be4 Ra7 16. Nd4 Bd7 17.
Nb3 Bb6 18. Ke2 Bc6 19. Kf3 h6 20. Nd4 Bxe4+ 21. Kxe4 Nd7 22. b4 Bxd4 23. Rxd4 b5 24. c4 bxc4 25. Rxc4 Nb6 26. Rc6 Nd5 27. Rc8+ Kd7 28.
Rxh8 Rc7 29. Bd2 Rc3 30. Bxc3 1-0

[Event "*** Titled Tuesday Blitz"]
[Site "Chess.com"]
[Date "2020.05.05"]
[Round "4"]
[White "Blagorod"]
[Black "calin_dragomirescu"]
[Result "0-1"]
[WhiteElo "2126"]
[BlackElo "2300"]
[TimeControl "180+1"]
[EndTime "10:39:06 PDT"]
[Termination "calin_dragomirescu won by resignation"]

1. e4 g6 2. d4 Bg7 3. f4 d6 4.
Nf3 Nf6 5. Bd3 Na6 6. Nc3 O-O 7. O-O c5 8. d5 Rb8 9. Be3 Nc7 10. a4 a6 11. Be2 b5 12. axb5 axb5 13. e5 Ng4 14. Bc1 dxe5 15. h3 Nh6 16. fxe5 Nf5 17. g4 Ng3 18. Re1 Nxe2+ 19. Rxe2 b4 20. d6 bxc3 21. bxc3 exd6 22. exd6 Nb5 23. Bg5 Qxd6 24. Qxd6 Nxd6 25. Bf4 Rb6 26. Rd1 Nb5 27. Re7 Re6 28. Rc7 Nxc7 29. Bxc7 Bb7 30. Rd7 Bxf3 0-1

[Event "*** Titled Tuesday Blitz"]
[Site "Chess.com"]
[Date "2020.05.05"]
[Round "4"]
[White "fish7728"]
[Black "Camels1981"]
[Result "0-1"]
[WhiteElo "2055"]
[BlackElo "2242"]
[TimeControl "180+1"]
[EndTime "10:39:06 PDT"]
[Termination "Camels1981 won by resignation"]

1. d4 Nf6 2. c4 g6 3. Nc3 Bg7 4.
e4 O-O 5. f3 c5 6. Nge2 cxd4 7.
Nxd4 Nc6 8. Be3 d6 9. Qd2 Bd7 10. Be2 Nxd4 11. Bxd4 Bc6 12. O-O Nd7 13. Bxg7 Kxg7 14.
Qd4+ Kg8 15. f4 Qb6 16. Qxb6 Nxb6 17. Rad1 Rac8 18. b3 Nd7 19. Bg4 Rfd8 20. Nd5 Bxd5 21. exd5 f5 22. Bf3 Rc5 23. Rfe1 Kf7 24. Re3 Nf6 25.
Rde1 Rd7 26. h3 h5 27. g3 b5 28. Kg2 bxc4 29. bxc4 Rxc4 30. Rb3 Rc2+ 31. Re2 Rxe2+ 32.
Bxe2 Rc7 33. Kf1 Nxd5 34. Rb5 Nc3 35. Ra5 Ne4 36. g4 Rc1+ 37. Kg2 hxg4 38. hxg4 Rc2 39.
Kf3 Rc3+ 40. Kg2 fxg4 41. Rxa7 Rc2 0-1

[Event "*** Titled Tuesday Blitz"]
[Site "Chess.com"]
[Date "2020.05.05"]
[Round "4"]
[White "VladimirBelous"]
[Black "Nostradamus123"]
[Result "1-0"]
[WhiteElo "2729"]
[BlackElo "2493"]
[TimeControl "180+1"]
[EndTime "10:39:07 PDT"]
[Termination "VladimirBelous won by resignation"]

1. Nf3 Nf6 2. c4 Nc6 3. d4 e6 4. g3 Bb4+ 5. Nbd2 d5 6. cxd5 exd5 7. Bg2 O-O 8. O-O Re8 9. a3 Bd6 10. b4 a5 11. b5 Na7 12. a4 c6 13. bxc6 Nxc6 14.
Ba3 Nb4 15. Bxb4 Bxb4 16. Ne5 Be6 17. e3 Rc8 18. Nd3 Bd6 19. Qb3 Qe7 20. Rfc1 Ne4 21.
Qb2 Nxd2 22. Qxd2 Qd7 23. Qxa5 Ra8 24. Qb5 Qxb5 25. axb5 Bd7 26. Rxa8 Rxa8 27. Bxd5 Bxb5 28.
Bxb7 Rb8 29. Nc5 h5 30. Bf3 h4 31. Kg2 Bxc5 32. Rxc5 Bd7 33. gxh4 1-0

[Event "*** Titled Tuesday Blitz"]
[Site "Chess.com"]
[Date "2020.05.05"]
[Round "4"]
[White "Konavets"]
[Black "AleksanderHnydiuk"]
[Result "1-0"]
[WhiteElo "2932"]
[BlackElo "2552"]
[TimeControl "180+1"]
[EndTime "10:39:08 PDT"]
[Termination "Konavets won on time"]

1. d4 Nf6 2. c4 e6 3. Nf3 d5 4. g3 dxc4 5. Bg2 Nc6 6. O-O Rb8 7. e3 b5 8. b3 cxb3 9. axb3 Bb7 10. Bb2 Be7 11.
Nbd2 O-O 12. Qe2 a6 13. Rfc1 Nb4 14. Ne5 Bxg2 15. Kxg2 Rb6 16. e4 Nd7 17. Ndf3 Nxe5 18. Nxe5 Bd6 19. Ng4 f5 20. Ne3 Qa8 21. d5 fxe4 22.
dxe6 Rf3 23. Bd4 Rc6 24. Rd1 Qe8 25. Nd5 Nxd5 26. Qxe4 Nc3 27. Qxf3 Nxd1 28. Rxd1 Bf8 29. e7 Bxe7 30. Qd5+ Kh8 31. Re1 Rd6 32. Qe5 1-0

[Event "*** Titled Tuesday Blitz"]
[Site "Chess.com"]
[Date "2020.05.05"]
[Round "4"]
[White "martabartel"]
[Black "Megagigahiper3345"]
[Result "0-1"]
[WhiteElo "2285"]
[BlackElo "2515"]
[TimeControl "180+1"]
[EndTime "10:39:10 PDT"]
[Termination "Megagigahiper3345 won by resignation"]

1. d4 Nf6 2. Nf3 b6 3. Bf4 Bb7 4. e3 g6 5. Bd3 Bg7 6. O-O O-O 7. h3 d6 8. c4 Nbd7 9. Bg3 Ne4 10. Bxe4 Bxe4 11.
Nc3 Bb7 12. e4 c5 13. d5 a6 14. Qd3 b5 15. cxb5 axb5 16. Nxb5 Ba6 17. a4 Bxb2 18. Rab1 Bg7 19. Rfe1 f6 20. Nd2 Qa5 21. Qc2 Nb6 22.
Nc7 Ra7 23. Ne6 Rfa8 24. Ra1 Bc8 25. Nxg7 Kxg7 26. f4 Bd7 27. e5 Bxa4 28. Qe4 Qxd2 29. exf6+ exf6 30. Qe7+ Rxe7 31. Rxe7+ 0-1

[Event "*** Titled Tuesday Blitz"]
[Site "Chess.com"]
[Date "2020.05.05"]
[Round "4"]
[White "profofchess"]
[Black "ketster"]
[Result "1-0"]
[WhiteElo "2455"]
[BlackElo "2267"]
[TimeControl "180+1"]
[EndTime "10:39:10 PDT"]
[Termination "profofchess won by resignation"]

1. e4 e6 2. d4 d5 3. Nc3 Nf6 4. Bg5 dxe4 5. Nxe4 Be7 6. Bxf6 gxf6 7. Nf3 a6 8. g3 f5 9. Nc3 b5 10. Bg2 Bb7 11.
O-O Nd7 12. d5 Nb6 13. dxe6 fxe6 14. Nd4 Bxg2 15. Qh5+ Kd7 16. Kxg2 Bd6 17. Rad1 Qe7 18. Rfe1 Rae8 19. Rxe6 Qxe6 20. Nxe6 Rxe6 21. Qxf5 Re8 22. Re1 Nc4 23. Rxe6 Rxe6 24. Ne4 Ne5 25. Ng5 1-0

[Event "*** Titled Tuesday Blitz"]
[Site "Chess.com"]
[Date "2020.05.05"]
[Round "4"]
[White "Eloist"]
[Black "binbin239"]
[Result "0-1"]
[WhiteElo "2239"]
[BlackElo "2439"]
[TimeControl "180+1"]
[EndTime "10:39:12 PDT"]
[Termination "binbin239 won by resignation"]

1. e4 c5 2. Nf3 Nc6 3. Bb5 g6 4. Bxc6 bxc6 5. d4 cxd4 6. Qxd4 Nf6 7. e5 Nd5 8. O-O Bg7 9. c4 Nc7 10. Qh4 h5 11. Nc3 O-O 12. Bg5 Re8 13. Ne4 Ne6 14. Be3 d5 15. exd6 exd6 16. Qxd8 Rxd8 17. Rad1 Bxb2 18.
Nxd6 Ba6 19. Rd2 Ba3 20. Rfd1 Rab8 21. Ne5 Rxd6 22. Rxd6 Bxd6 23. Nxc6 Rb2 24. g3 Bc5 25.
Bxc5 Nxc5 26. Rd8+ Kg7 27. Ra8 Bb7 0-1

[Event "*** Titled Tuesday Blitz"]
[Site "Chess.com"]
[Date "2020.05.05"]
[Round "4"]
[White "gmelviro"]
[Black "Mesa_1"]
[Result "0-1"]
[WhiteElo "2267"]
[BlackElo "2458"]
[TimeControl "180+1"]
[EndTime "10:39:14 PDT"]
[Termination "Mesa_1 won by resignation"]

1. c4 e5 2. g3 f5 3. Bg2 d6 4. Nc3 Nf6 5. d4 Be7 6. Nf3 e4 7. Nd2 c6 8. O-O d5 9. Qb3 O-O 10. a4 Kh8 11. cxd5 cxd5 12. a5 Nc6 13. Qa4 Bd7 14.
e3 Nb4 15. Qb3 Rc8 16. f3 Bd6 17. f4 Qe7 18. Na2 Nc2 19. Rb1 Ng4 20. Qxb7 Ngxe3 21. Rf2 Rb8 22. Qxa7 Ra8 23. Qb6 Rfb8 0-1

[Event "*** Titled Tuesday Blitz"]
[Site "Chess.com"]
[Date "2020.05.05"]
[Round "4"]
[White "VojtechPlat"]
[Black "tsvet2005"]
[Result "1-0"]
[WhiteElo "2786"]
[BlackElo "2524"]
[TimeControl "180+1"]
[EndTime "10:39:17 PDT"]
[Termination "VojtechPlat won by resignation"]

1. h4 d5 2. h5 e5 3. d4 Nc6 4. dxe5 Nxe5 5. Bf4 Bd6 6. Nc3 c6 7. e4 Qe7 8. Qe2 d4 9. Nb1 Bg4 10. Qd2 Bb4 11. c3 dxc3 12. Nxc3 Rd8 13. Qc2 Nf6 14. h6 Ng6 15. hxg7 Rg8 16. Be3 Nxe4 17. Be2 Bf5 18. Qb3 Nc5 19. Bxc5 Bxc5 20. Rxh7 Qf6 21. Qxb7 Nf4 22. Rh8 Nxg2+ 23. Kf1 Ne3+ 24. fxe3 Bc8+ 25.
Nf3 Bxb7 26. Rxg8+ Ke7 27. Rxd8 Qxg7 28. Rad1 Bxe3 29. R1d7+ Kf6 30. Rxb7 Qh6 31. Rd6+ 1-0

[Event "*** Titled Tuesday Blitz"]
[Site "Chess.com"]
[Date "2020.05.05"]
[Round "4"]
[White "artooon"]
[Black "adriangschnitzer"]
[Result "1-0"]
[WhiteElo "2629"]
[BlackElo "2421"]
[TimeControl "180+1"]
[EndTime "10:39:18 PDT"]
[Termination "artooon won on time"]

1. e4 c6 2. d4 d5 3. e5 c5 4. Nc3 Bf5 5. Nf3 e6 6. dxc5 Bxc5 7. Nd4 Bg6 8. Bb5+ Nd7 9. O-O Ne7 10. Bg5 a6 11. Bxd7+ Qxd7 12. Nb3 Ba7 13. Ne2 Rc8 14. Ned4 O-O 15. c3 Nc6 16. Re1 Rce8 17. Nxc6 bxc6 18.
Qe2 Ra8 19. Be3 Qe7 20. Bxa7 Rxa7 21. c4 c5 22. cxd5 exd5 23. Rac1 Rc8 24. Red1 Rd7 25. Qxa6 Qf8 26. Qb5 Rdc7 27. Rxd5 c4 28. Nd4 Be4 29. Rd6 Bd3 30. Qa5 Rb7 31. Qc3 Ra8 32. Nc6 Rxa2 33. Rd8 Qxd8 34. Nxd8 Rbxb2 35. e6 1-0

[Event "*** Titled Tuesday Blitz"]
[Site "Chess.com"]
[Date "2020.05.05"]
[Round "4"]
[White "Tsyhanchuk_Stanislav"]
[Black "abubakrtagelsir"]
[Result "1-0"]
[WhiteElo "2596"]
[BlackElo "2350"]
[TimeControl "180+1"]
[EndTime "10:39:18 PDT"]
[Termination "Tsyhanchuk_Stanislav won by resignation"]

1. e4 d6 2. d4 Nf6 3. Nc3 g6 4. f4 Bg7 5. Nf3 O-O 6. Bd3 Na6 7. e5 Ng4 8. O-O c5 9. h3 cxd4 10. Nxd4 dxe5 11. Nf3 Qb6+ 12. Kh1 Nf2+ 13. Rxf2 Qxf2 14. fxe5 Nc5 15. Bg5 Nxd3 16. cxd3 Qxb2 17. Nd5 Be6 18. Nxe7+ Kh8 19. Rb1 Qa3 20. Qe1 Qxd3 21. Rd1 Qc2 22.
Rc1 Qa4 23. Qe3 Rae8 24. Bf6 Qb4 25. Qh6 Bxf6 26. exf6 Rg8 27. Ng5 1-0

[Event "*** Titled Tuesday Blitz"]
[Site "Chess.com"]
[Date "2020.05.05"]
[Round "4"]
[White "Volovier"]
[Black "orkan85"]
[Result "1-0"]
[WhiteElo "2713"]
[BlackElo "2483"]
[TimeControl "180+1"]
[EndTime "10:39:19 PDT"]
[Termination "Volovier won on time"]

1. d4 Nf6 2. c4 e6 3. Nc3 Bb4 4. e3 O-O 5. Nf3 d5 6. Bd3 b6 7. cxd5 exd5 8. O-O Bb7 9. a3 Bd6 10. Qc2 a6 11. b3 Nbd7 12. Bb2 Qe7 13. Bf5 g6 14.
Bd3 Ne4 15. Bxe4 dxe4 16. Nd2 Nf6 17. Nc4 Bxh2+ 18. Kxh2 Ng4+ 19. Kg1 Qh4 20. Rfe1 Qh2+ 21. Kf1 Qh1+ 22. Ke2 Qxg2 23. Kd2 Rad8 24. Re2 c5 25. Na2 Nh6 26. Rd1 Nf5 27. Kc1 cxd4 28. Bxd4 Nxd4 29. Rxd4 Rxd4 30. exd4 Rd8 31. Nb4 Rxd4 32. Ne3 Qg5 33. Qc7 Qc5+ 34. Rc2 Qxc7 35. Rxc7 a5 36. Nbc2 1-0

[Event "*** Titled Tuesday Blitz"]
[Site "Chess.com"]
[Date "2020.05.05"]
[Round "4"]
[White "bilelou"]
[Black "CzechmVIII"]
[Result "0-1"]
[WhiteElo "2491"]
[BlackElo "2271"]
[TimeControl "180+1"]
[EndTime "10:39:20 PDT"]
[Termination "CzechmVIII won by resignation"]

1. g3 e5 2. Bg2 d5 3. d3 Nc6 4. e3 f5 5. Ne2 Nf6 6. d4 e4 7. c4 Be6 8. cxd5 Nxd5 9. Nbc3 Bd6 10. O-O O-O 11. Nxd5 Bxd5 12. Nc3 Bf7 13. b3 Nb4 14. Ba3 Nd5 15. Nxd5 Bxa3 16. Nf4 c5 17. d5 Rc8 18.
Qc2 g5 19. Ne6 Bxe6 20. dxe6 Qe7 21. Rfd1 Qxe6 22. Bf1 Qf6 23. Qc4+ Kh8 24. Rd7 Qxa1 25. Rxb7 Qf6 26. Rxa7 Bb2 27. Qd5 Rfd8 28. Qb7 Qg7 29. Qa6 Qg6 30. Kg2 Qxa6 31. Bxa6 Ra8 0-1

[Event "*** Titled Tuesday Blitz"]
[Site "Chess.com"]
[Date "2020.05.05"]
[Round "4"]
[White "picturesquecheck"]
[Black "alexsergeyev"]
[Result "0-1"]
[WhiteElo "2074"]
[BlackElo "2384"]
[TimeControl "180+1"]
[EndTime "10:39:20 PDT"]
[Termination "alexsergeyev won by resignation"]

1. e4 e5 2. Nf3 Nf6 3. Nxe5 d6 4. Nf3 Nxe4 5. d4 d5 6. Bd3 Nc6 7. O-O Be7 8. c4 Nf6 9. Nc3 Be6 10. cxd5 Nxd5 11. Re1 O-O 12. a3 Bf6 13. Be3 Bg4 14. Ne4 Bxf3 15. Qxf3 Bxd4 16. Bg5 Qd7 17. Rad1 Ne5 18.
Qh5 h6 19. Bb1 c5 20. Nxc5 Bxc5 21. Rxe5 Rfe8 22. Rdxd5 Qxd5 23. Rxe8+ Rxe8 0-1

[Event "*** Titled Tuesday Blitz"]
[Site "Chess.com"]
[Date "2020.05.05"]
[Round "4"]
[White "HouseOfDurin"]
[Black "mitraasz"]
[Result "0-1"]
[WhiteElo "1995"]
[BlackElo "2210"]
[TimeControl "180+1"]
[EndTime "10:39:20 PDT"]
[Termination "mitraasz won by checkmate"]

1. d4 Nf6 2. Bg5 g6 3. Bxf6 exf6 4. c4 Bg7 5. Nc3 O-O 6. g3 f5 7. Bg2 d6 8. e3 Nd7 9. Nge2 Nf6 10.
O-O Re8 11. Qd3 h5 12. h4 Ng4 13. b4 c6 14. a4 Bf6 15. Rfd1 Bxh4 16. gxh4 Qxh4 17.
Ng3 Nxe3 18. fxe3 Qxg3 19. e4 Qg5 20. d5 h4 21. Kh1 Kg7 22. Bh3 fxe4 23. Nxe4 Rxe4 24.
Bxc8 Re3 25. Qd4+ Kg8 26. Rg1 Rg3 27. Bxb7 Rh3# 0-1

[Event "*** Titled Tuesday Blitz"]
[Site "Chess.com"]
[Date "2020.05.05"]
[Round "4"]
[White "matiss90"]
[Black "NotFischer"]
[Result "1-0"]
[WhiteElo "2495"]
[BlackElo "2156"]
[TimeControl "180+1"]
[EndTime "10:39:21 PDT"]
[Termination "matiss90 won by checkmate"]

1. e4 c5 2. Nf3 e6 3. d4 cxd4 4. Nxd4 a6 5. Nc3 Nc6 6. Nxc6 bxc6 7. Bd3 d5 8. O-O Nf6 9. e5 Nd7 10. Re1 Be7 11. Na4 c5 12. c4 d4 13. Qg4 Kf8 14. b3 Bb7 15. Ba3 Qc7 16. Qg3 h5 17. h4 g6 18. Be4 Bxe4 19. Rxe4 Kg7 20. Rf1 Nb6 21. Nb2 a5 22. Nd3 a4 23. Bc1 axb3 24. axb3 Ra1 25. Bg5 Rxf1+ 26. Kxf1 Rc8 27. Rf4 Bxg5 28.
Qxg5 Nd7 29. g4 hxg4 30. h5 Rh8 31. hxg6 fxg6 32. Qe7+ Kh6 33. Rxg4 g5 34. Qxg5+ Kh7 35. Qh5# 1-0

[Event "*** Titled Tuesday Blitz"]
[Site "Chess.com"]
[Date "2020.05.05"]
[Round "4"]
[White "BocharovD"]
[Black "LiamPutnam2008"]
[Result "1-0"]
[WhiteElo "2885"]
[BlackElo "2543"]
[TimeControl "180+1"]
[EndTime "10:39:22 PDT"]
[Termination "BocharovD won by resignation"]

1. c4 Nf6 2. g3 e5 3. Bg2 Nc6 4. Nc3 Bb4 5. Nd5 O-O 6. e3 Re8 7. a3 Bf8 8. Ne2 d6 9. O-O Be6 10. d4 exd4 11. Nxd4 Nxd4 12. Qxd4 Nxd5 13. cxd5 Bd7 14. Bd2 h5 15. Rac1 a6 16. Rc2 Bf5 17.
e4 Bg6 18. Rfc1 Rc8 19. f3 h4 20. Bh3 hxg3 21. hxg3 f5 22. exf5 Bh5 23. f6 gxf6 24. Bxc8 Qxc8 25. g4 Bg6 26. Rxc7 Qd8 27. Rc8 Qe7 28. Rxe8 Bxe8 29. Re1 Qf7 30. Bc3 Bg7 31.
Qe4 Bb5 32. Qe6 1-0

[Event "*** Titled Tuesday Blitz"]
[Site "Chess.com"]
[Date "2020.05.05"]
[Round "4"]
[White "SerGo055"]
[Black "guillembaches"]
[Result "1-0"]
[WhiteElo "2605"]
[BlackElo "2423"]
[TimeControl "180+1"]
[EndTime "10:39:22 PDT"]
[Termination "SerGo055 won by resignation"]

1. d4 Nf6 2. Nf3 e6 3. c4 d5 4. Nc3 Be7 5. Bg5 h6 6. Bh4 O-O 7. e3 Nbd7 8. cxd5 Nxd5 9. Bxe7 Nxe7 10. Be2 c5 11. O-O b6 12. Qa4 cxd4 13. Nxd4 Nc5 14. Qa3 Bb7 15. Rfd1 Nd5 16. Nxd5 Bxd5 17. Bf3 Bxf3 18.
Nxf3 Qe7 19. Ne5 Qc7 20. Qc3 Rac8 21. Rac1 a5 22. h3 Rfd8 23. a3 Qb7 24. Nc4 Rxd1+ 25.
Rxd1 Ne4 26. Qd4 Nc5 27. Nd6 Qc7 28. Nxc8 1-0

[Event "*** Titled Tuesday Blitz"]
[Site "Chess.com"]
[Date "2020.05.05"]
[Round "4"]
[White "TengisChess"]
[Black "InitiatingASC"]
[Result "1-0"]
[WhiteElo "2531"]
[BlackElo "2321"]
[TimeControl "180+1"]
[EndTime "10:39:22 PDT"]
[Termination "TengisChess won by checkmate"]

1. Nf3 c5 2. e4 Nc6 3. Bc4 Nf6 4.
d3 e6 5. O-O d5 6. exd5 exd5 7.
Bb3 Be7 8. Bg5 O-O 9. Nc3 Be6 10. Re1 Re8 11. h3 a6 12. a3 b5 13. Ne2 c4 14.
Ba2 Qb6 15. c3 Bc5 16. d4 Be7 17. Bb1 Nd7 18. Bd2 a5 19. Nf4 Nf8 20. h4 b4 21.
Ng5 Bxg5 22. hxg5 bxc3 23. Bxc3 Ne7 24. Bc2 Neg6 25. Nh5 Qd8 26. Qd2 Bg4 27. Ng3 Bd7 28. Rxe8 Bxe8 29. Re1 Ne6 30. Nf5 Nxg5 31. Bxa5 Rxa5 32.
Qxa5 Qxa5 33. Rxe8+ Nf8 34. Ne7+ Kh8 35. Rxf8# 1-0

[Event "*** Titled Tuesday Blitz"]
[Site "Chess.com"]
[Date "2020.05.05"]
[Round "4"]
[White "TheFireChess"]
[Black "KNVB"]
[Result "0-1"]
[WhiteElo "2450"]
[BlackElo "2758"]
[TimeControl "180+1"]
[EndTime "10:39:26 PDT"]
[Termination "KNVB won by resignation"]

1. e4 b6 2. d4 Bb7 3. Bd3 e6 4. Ne2 d5 5. e5 Ba6 6. O-O Bxd3 7. Qxd3 Ne7 8. f4 Qd7 9. Nd2 c5 10. c3 Nbc6 11. dxc5 bxc5 12. Nf3 c4 13. Qc2 Nf5 14. g4 Bc5+ 15. Kg2 Ne3+ 16. Bxe3 Bxe3 17. Rae1 h5 18. g5 g6 19. Nfd4 Bxd4 20. Nxd4 Nxd4 21. cxd4 O-O 22. b3 Rfc8 23. b4 a5 24. b5 Qxb5 25.
Rb1 Qc6 26. Rb2 Rab8 27. Rfb1 Qc7 28. Qc3 Kg7 29. a4 Rxb2+ 30. Rxb2 Rb8 31. Rxb8 Qxb8 32.
Qxa5 Qb2+ 33. Kf1 Qxd4 0-1

[Event "*** Titled Tuesday Blitz"]
[Site "Chess.com"]
[Date "2020.05.05"]
[Round "4"]
[White "chiwii"]
[Black "GM_LOADING"]
[Result "1/2-1/2"]
[WhiteElo "2259"]
[BlackElo "2524"]
[TimeControl "180+1"]
[EndTime "10:39:26 PDT"]
[Termination "Game drawn by agreement"]

1. e4 e5 2. Nf3 Nc6 3. d4 exd4 4. Bc4 Nf6 5. O-O Nxe4 6. Re1 d5 7. Bxd5 Qxd5 8.
Nc3 Qd7 9. Nxe4 Be7 10. Bg5 O-O 11. Bxe7 Qxe7 12. Nxd4 Bd7 13. Ng3 Qb4 14. Nxc6 Bxc6 15. b3 Rad8 16. Qh5 Rd2 17. Nf5 Qf4 18. Ne7+ Kh8 19.
Re2 Rxe2 20. Qxe2 Re8 21. Re1 Qg5 22. g3 h6 23. c4 Qc5 24. h4 Qd6 25. Qe3 b6 26.
Kh2 Bb7 27. Ng6+ Qxg6 28. Qxe8+ Kh7 29. Qe3 Qc6 30. Qd3+ g6 31. Qd5 Qxd5 32. cxd5 Bxd5 33. Re7 a5 34. Rxc7 a4 35. f4 axb3 36. axb3 Bxb3 37. Rb7 Be6 38. Rxb6 h5 39. Kg2 Kg7 40. Kf3 Kf6 41. Rb8 Bd5+ 42. Ke3 1/2-1/2

[Event "*** Titled Tuesday Blitz"]
[Site "Chess.com"]
[Date "2020.05.05"]
[Round "4"]
[White "LittlePeasant"]
[Black "CrushingKings"]
[Result "1-0"]
[WhiteElo "2746"]
[BlackElo "2441"]
[TimeControl "180+1"]
[EndTime "10:39:29 PDT"]
[Termination "LittlePeasant won by resignation"]

1. d4 Nf6 2. c4 g6 3. g3 Bg7 4. Bg2 d6 5. Bf3 Nbd7 6. Nc3 c5 7.
e3 Rb8 8. Nge2 a6 9. a4 b6 10.
O-O O-O 11. b3 Ne8 12. Bb2 Nc7 13. Qd3 b5 14. axb5 axb5 15. cxb5 Bb7 16. Bc6 cxd4 17.
exd4 Ne6 18. Ra7 Qc8 19. Nd5 Re8 20. Rc1 Nec5 21. dxc5 Bxb2 22. Bxd7 Qxd7 23. c6 Qe6 24. Rc2 1-0